 Dungeon Crawl Stone Soup version 0.14-a0-1637-gd423c14 (webtiles) character file.

217 HollowCharge the Cudgeler (level 4, -7/49 HPs)
             Began as an Ogre Gladiator on Dec 27, 2013.
             Mangled by a gnoll
             ... wielding a +0,+0 spear
              (9 damage)
             ... on Level 3 of the Dungeon.
             The game lasted 00:10:05 (2359 turns).

HollowCharge the Cudgeler (Ogre Gladiator)          Turns: 2359, Time: 00:10:05

HP  -7/49        AC  4     Str 21      XL: 4   Next: 97%
MP   4/4         EV 10     Int  7      God:
Gold 103         SH  0     Dex 10      Spells:  0 memorised,  3 levels left

rFire  . . .     SeeInvis .     k - +1,+2 mace
rCold  . . .     Clarity  .     b - +0 animal skin
rNeg   . . .     Conserve .     (shield restricted)
rPois  .         rCorr    .     c - +0 cap
rElec  .         rRot     .     w - +0 cloak
SustAb . .       Spirit   .     (gloves unavailable)
rMut   .         Warding  .     (boots unavailable)
Saprov + . .     Stasis   .     y - amulet of inaccuracy
                                (no ring)
                                e - ring of wizardry

@: slowed, very slow, slightly resistant to hostile enchantments, unstealthy
A: unfitting armour, fast metabolism 1, saprovore 1, tough skin 1
a: no special abilities


You were on level 3 of the Dungeon.
You were hungry.

You visited 1 branch of the dungeon, and saw 3 of its levels.

You collected 103 gold pieces.

Inventory:

Hand weapons
 k - a +1,+2 mace (weapon)
Armour
 b - a +0 animal skin (worn)
 c - a +0 cap (worn)
 w - a +0 cloak (worn)
Comestibles
 a - an apple
 f - 4 meat rations
 l - 2 rotting chunks of quokka flesh
 m - a chunk of rat flesh
 n - 2 chunks of orc flesh
 t - 2 pears
Scrolls
 q - a scroll of magic mapping
Jewellery
 e - a ring of wizardry (left hand)
 i - an uncursed amulet of faith
 j - an uncursed amulet of faith
 y - an amulet of inaccuracy (around neck)
Potions
 g - a potion of confusion {unknown}
 h - 2 potions of brilliance {unknown}
 r - a potion of curing {unknown}
 v - a potion of speed {unknown}


   Skills:
 + Level 4.8 Fighting
 + Level 4.9 Maces & Flails
 - Level 2.1 Throwing
 + Level 3.6 Dodging


You had 3 spell levels left.
You didn't know any spells.

Dungeon Overview and Level Annotations

Branches:
Dungeon (3/16)

Altars:
Cheibriados

Annotations:
D:3 Grinder


Innate Abilities, Weirdness & Mutations

You are too large for most types of armour.
You have a fast metabolism.
You can tolerate rotten meat.
You have tough skin (AC +1).


Message History

Aim: a gnoll, wielding a spear (heavily wounded)
Okay, then.
Firing (i - inventory): No suitable missiles.
Press: ? - help, Shift-Dir - straight line, f/p - gnoll
Aim: a gnoll, wielding a spear (heavily wounded)
Okay, then.
You hit the gnoll but do no damage.
The gnoll is heavily wounded.
The gnoll hits you with a spear.
* * * LOW HITPOINT WARNING * * *
The gnoll hits you with a spear.
* * * LOW HITPOINT WARNING * * *
You barely miss the gnoll.
The gnoll is heavily wounded.
The gnoll hits you but does no damage. The gnoll hits you with a spear.
* * * LOW HITPOINT WARNING * * *
You hit the gnoll.
The gnoll is heavily wounded.
The gnoll hits you with a spear!
You die...

..'..# * **,, ,,* *,* ..##.##
*,***,*****,*** ......# *,*
*,,,,,,,,,, ##....###
******,###,,,,,,,,,,
........#*****,,,,,...>,,,,,,,,,,
......#.#,,,,######.###...,,,,,,,
<.....#.#,,,,#%.(.......##***+**,
......#.#._..g.#g)........,,,,,,,
.#....#.#....###@########.,,,,,,,
.#....#.#....* #.#### *, ,,,,,,
.###'#######** #....# *,,,,,,,*
.....# #....# *** *****
.###############%...#
...................(#
################....# #....#
#....#


You could see a gnoll.

Vanquished Creatures
  A gnoll (D:3)
  6 adders (D:2)
  2 worms
  A giant gecko (D:2)
  2 orcs (D:3)
  A ball python (D:2)
  4 goblins
  4 hobgoblins
  4 jackals (D:1)
  6 kobolds
  A quokka (D:2)
  4 bats
  3 giant newts (D:2)
  3 rats
42 creatures vanquished.

Notes
Turn   | Place    | Note
--------------------------------------------------------------
     0 | D:1      | HollowCharge, the Ogre Gladiator, began the quest for the Orb.
     0 | D:1      | Reached XP level 1. HP: 22/22 MP: 1/1
   688 | D:1      | Reached XP level 2. HP: 17/31 MP: 2/2
  1227 | D:2      | Reached XP level 3. HP: 37/37 MP: 3/3
  1577 | D:2      | Reached XP level 4. HP: 48/48 MP: 4/4
  2111 | D:3      | Noticed Grinder
  2111 | D:3      | Paralysed by Grinder for 5 turns
  2333 | D:3      | Found a snail-covered altar of Cheibriados.
  2358 | D:3      | HP: 2/49 [gnoll/spear (1)]
  2359 | D:3      | Mangled by a gnoll

Action                   |  1- 3 |  4- 6 || total
-------------------------+-------+-------++-------
Melee: Mace              |    87 |    67 ||   154
Throw: Throwing net      |    10 |     6 ||    16
  Use: Scroll            |       |    10 ||    10
 Stab: Held in net/web   |     3 |     1 ||     4
